 Dungeon Crawl Stone Soup version 0.28.0 (webtiles) character file.

Game seed: 17486238716674391470

56 AmazingTV the Skirmisher (level 3, -7/33 HPs)
             Began as a Minotaur Fighter on June 30, 2022.
             Mangled by Sigmund (8 damage)
             ... on level 2 of the Dungeon.
             The game lasted 00:03:50 (1142 turns).

AmazingTV the Skirmisher (Minotaur Fighter)         Turns: 1142, Time: 00:03:51

Health: -7/33      AC:  7    Str: 20    XL:     3   Next: 69%
Magic:  2/2        EV:  9    Int:  5    God:
Gold:   22         SH:  4    Dex: 11    Spells: 2/2 levels left

rFire   . . .      SeeInvis .   a - +0 rapier {short}
rCold   . . .      Faith    .   c - +0 buckler
rNeg    . . .      Spirit   .   b - +0 scale mail
rPois   .          Reflect  .   (helmet restricted)
rElec   .          Harm     .   (no cloak)
rCorr   .          Rampage  .   (no gloves)
Will    .....                   (no boots)
Stlth   ..........              (no amulet)
HPRegen 0.11/turn               (no ring)
MPRegen 0.08/turn               (no ring)

@: no status effects
A: horns 2, retaliatory headbutt
a: no special abilities


You were on level 2 of the Dungeon.
You visited 1 branch of the dungeon, and saw 2 of its levels.

You collected 34 gold pieces.
You spent 12 gold pieces at shops.


Innate Abilities, Weirdness & Mutations

You have a pair of horns on your head.
You reflexively headbutt those who attack you in melee.


   Skills:
 + Level 4.2 Fighting
 - Level 2.1 Short Blades
 + Level 2.0 Axes
 + Level 4.2 Armour
 + Level 4.2 Shields


You had 2 spell levels left.
You didn't know any spells.
Your spell library was empty.

Inventory:

Hand Weapons
 a - a +0 rapier (weapon) {short}
Missiles
 f - 17 arrows
 g - 15 stones (quivered)
 h - 12 bolts
Armour
 b - a +0 scale mail (worn)
 c - a +0 buckler (worn)
Scrolls
 i - a scroll of acquirement {unknown}
 k - 2 scrolls of identify {unknown}
 n - a scroll of noise {unknown}
Potions
 d - a potion of might
 e - 2 potions of invisibility {unknown}
 j - 2 potions of degeneration {!q}
 l - a potion of berserk rage {unknown}
 m - a potion of lignification {unknown}

Dungeon Overview and Level Annotations

Branches:
Dungeon (2/15)

Altars:

Shops:
D:1 !

Annotations:
D:2 Sigmund

#.# #.# #.# #.# #.###
#.# #.# #.# #.# #....
#.# #.# #.# #.# #.###
#.# #.# #.# #.# #.#
#####.#####.# #.#####.#
#.# ............#
#...)..<# #.#
.#######.#..###..######
#.# #.#.@.......# #.#
#.#..@....#.# #.# #
#.#...##.......
#.#######.#)#######.###
#.#...#...#†# .#
###.....@..##.###### #
..w..................
#........##..######
#.#...#.###..#
#............#


You could see Sigmund.


Message History

You see here a +0 dagger {short}.
An endoplasm comes into view.
An endoplasm is nearby!
You hit the endoplasm. The endoplasm freezes you.
You are frozen. 😕 HP[-5]
You take 5 damage, and now have 28/33 hp.
You puncture the endoplasm!
You kill the endoplasm!
No target in view!
A goblin comes into view. It is wielding a +0 dagger.
The goblin shouts! 😎 HP[+5]
Your hp is fully restored (33).
A hobgoblin comes into view.
The hobgoblin shouts!
You hear an angry hiss.
A bat comes into view.
You barely miss the goblin. You headbutt the goblin.
The goblin hits you with a +0 dagger. 😕 HP[-1]
You take 1 damage, and now have 32/33 hp.
You closely miss the goblin. You headbutt the goblin.
You kill the goblin!
You hit the hobgoblin. The hobgoblin hits you. 😕 HP[-1]
You take 1 damage, and now have 31/33 hp.
You puncture the hobgoblin!
You kill the hobgoblin!
The bat completely misses you.
You closely miss the bat. You headbutt the bat, but do no damage.
You block the bat's attack. The bat hits you. The bat barely misses you. x2
Things that are here:
a +0 dagger {short}; a hobgoblin corpse; 😕 HP[-1]
You take 1 damage, and now have 30/33 hp.
You puncture the bat!
You kill the bat!
An endoplasm comes into view. 😕 HP[+1]
The endoplasm quivers.
You see here a bat corpse.
The endoplasm freezes you.
You are frozen. 😕 HP[-1]
You take 1 damage, and now have 30/33 hp.
You puncture the endoplasm!
You kill the endoplasm!
No target in view!
An adder comes into view. 😕 HP[+1]
The adder hisses angrily.
The adder closely misses you.
You miss the adder. You headbutt the adder. The adder closely misses you.
You furiously retaliate!
You headbutt the adder!
You kill the adder!
Your Axes skill increases to level 2!
No target in view!
Sigmund the Dreaded comes into view.
He is wielding a +0 scythe.
Sigmund shouts!
Sigmund casts a spell at you. The magic dart hits you! 😕 HP[-5]
You take 5 damage, and now have 26/33 hp.
A worm comes into view. 😕 HP[+1] Sigmund points at you and mumbles some strange words.
You are confused. 😕 HP[+1] Sigmund barely misses you.
You bump into the rock wall.
Sigmund hits you from afar with a +0 scythe! 😮 HP[-8]
You take 8 damage, and now have 20/33 hp.
MASSIVE DAMAGE!! (PAUSE)
You bump into the rock wall.
You feel less confused. Sigmund misses you.
Sigmund gestures at you while chanting.
You are confused. 😮 HP[+1]
You bump into the rock wall.
Sigmund hits you but does no damage.
Sigmund hits you with a +0 scythe. 😮 HP[-3]
You take 3 damage, and now have 18/33 hp.
You barely miss Sigmund.
Sigmund hits you from afar with a +0 scythe.
* * * LOW HITPOINT WARNING * * *
😨 HP[-3]
You take 3 damage, and now have 15/33 hp.
You feel less confused. Sigmund misses you.
You closely miss Sigmund. You hit Sigmund but do no damage.
Your headbutt misses Sigmund. Sigmund casts a spell at you.
The puff of flame hits you!
* * * LOW HITPOINT WARNING * * *
Sigmund hits you with a +0 scythe!
You die...

Skill      XL: |  1  2  3 |
---------------+----------+-----
Axes           | 1 2 |  2.0
Shields        | 4 |  4.2
Armour         | 4 |  4.2
Fighting       | 4 |  4.2
Short Blades   | |  2.1

Action                   || total
-------------------------++-------
Melee: Rapier            ||    63
       Headbutt          ||     9
Armor: Scale mail        ||    26
Dodge: Dodged            ||    20
Block: Buckler           ||    12

Levels and vault maps discovered:
D:1:      dpeg_arrival_long_road, layout_basic, serial_shops, shop,
          chequers_ecumenical_altar_simple_redux, chequers_serial_rivers_marsh,
          serial_bayou_crossing
D:2:      layout_loops_ring, uniq_sigmund

Notes
Turn   | Place    | Note
-------+----------+-------------------------------------------
     0 | D:1      | AmazingTV the Minotaur Fighter began the quest for the Orb.
     0 | D:1      | Reached XP level 1. HP: 19/19 MP: 0/0
     0 | D:1      | magus.rc [v1.9.6]
   222 | D:1      | Found a faded altar of an unknown god.
   236 | D:1      | Reached XP level 2. HP: 24/27 MP: 1/1
   285 | D:1      | Reached skill level 1 in Axes
   313 | D:1      | Found Nipri's Distillery.
   347 | D:1      | Bought a potion of degeneration for 12 gold pieces
   727 | D:1      | Reached skill level 4 in Shields
   842 | D:2      | Reached skill level 4 in Armour
   877 | D:2      | Reached skill level 4 in Fighting
   881 | D:2      | Reached XP level 3. HP: 33/33 MP: 2/2
  1095 | D:2      | Reached skill level 2 in Axes
  1112 | D:2      | Noticed Sigmund
  1142 | D:2      | HP: 1/33 [Sigmund/puff of flame (14)]
  1142 | D:2      | Mangled by Sigmund

Vanquished Creatures
  2 adders (D:2)
  2 dart slugs
  2 ball pythons (D:1)
  4 bats
  5 endoplasms
  4 goblins
  5 hobgoblins
  2 quokkas (D:1)
  A frilled lizard (D:1)
  2 kobolds (D:2)
  2 rats (D:1)
31 creatures vanquished.

Table legend:
 A = Non-vault XP
 B = Vault XP
 C = Vault XP percentage of total XP
 D = Non-vault monster count
 E = Vault monster count
 F = Vault count percentage of total count
                 A         B        C        D         E       F
            +---------+---------+-------+---------+---------+-------
      Total |      80 |       0 |   0.0 |      31 |       0 |   0.0
            +---------+---------+-------+---------+---------+-------
        D:1 |      29 |       0 |   0.0 |      16 |       0 |   0.0
        D:2 |      51 |       0 |   0.0 |      15 |       0 |   0.0
            +---------+---------+-------+---------+---------+-------

Illustrated notes

Table legend:
 A = Kills in this place as a percentage of kills in entire the game.
 B = Kills by you in this place as a percentage of kills by you in the entire game.
 C = Kills by friends in this place as a percentage of kills by friends in the entire game.
 D = Other kills in this place as a percentage of other kills in the entire game.
 E = Experience gained in this place as a percentage of experience gained in the entire game.
 F = Experience gained in this place divided by the number of levels of this place that you have seen.
                   A       B       C       D       E      F
               +-------+-------+-------+-------+-------+----------------------
         Total | 100.0 | 100.0 |   N/A |   N/A | 100.0 |  40.0
       Dungeon | 100.0 | 100.0 |   N/A |   N/A | 100.0 |  40.0
               +-------+-------+-------+-------+-------+----------------------

Table legend: (Time is in decaauts)
 A = Elapsed time spent in this place.
 B = Non-inter-level travel time spent in this place.
 C = Inter-level travel time spent in this place.
 D = Time resting spent in this place.
 E = Time spent auto-exploring this place.
 F = Levels seen in this place.
 G = Mean time per level.
                   A        B        C        D        E       F      G
               +--------+--------+--------+--------+--------+-----+--------+
         Total |   1161 |   1137 |     24 |      0 |    941 |   2 |  580.5 |
       Dungeon |   1161 |   1137 |     24 |      0 |    941 |   2 |  580.5 |
               +--------+--------+--------+--------+--------+-----+--------+

Top non-repeatable levels by time:
     D:1: 852 daAuts
     D:2: 308 daAuts
